 Dungeon Crawl Stone Soup version 0.18.1-5-g4a78601 (webtiles) character file.

112 tyrsky the Digger (level 4, 0/24 HPs)
             Began as a Gargoyle Earth Elementalist on May 14, 2016.
             Slain by a river rat (3 damage)
             ... on level 3 of the Dungeon.
             The game lasted 00:06:50 (2237 turns).

tyrsky the Digger (Gargoyle Earth Elementalist)     Turns: 2237, Time: 00:06:52

Health: 0/24       AC:  5    Str:  9    XL:     4   Next: 95%
Magic:  0/9        EV: 12    Int: 16    God:
Gold:   125        SH:  0    Dex: 10    Spells: 2 memorised, 6 levels left

rFire  x . .     SeeInvis .     m - +1 dagger (drain)
rCold  + . .     Gourm    .     a - +0 robe
rNeg   + . .     Faith    .     (no shield)
rPois  ∞         Spirit   .     (no helmet)
rElec  +         Dismiss  .     (no cloak)
rCorr  .         Reflect  .     (no gloves)
SustAt .         Harm     .     (no boots)
MR     .....                    (no amulet)
Stlth  ++........               s - -3 ring of strength (curse)
                                n - ring of ice

@: not resistant to hostile enchantments, unstealthy
A: negative energy resistance 1, electricity resistance, unbreathing,
petrification resistance, rot immunity, AC +3
a: no special abilities


You were on level 3 of the Dungeon.
You were not hungry.

You visited 1 branch of the dungeon, and saw 3 of its levels.

You collected 125 gold pieces.

Inventory:

Hand Weapons
 k - a +0 dagger
 m - a +1 dagger of draining (weapon)
Missiles
 b - 74 stones (quivered)
Armour
 a - a +0 robe (worn)
Jewellery
 n - a ring of ice (left hand)
 s - a cursed -3 ring of strength (right hand)
Scrolls
 f - 2 scrolls of fog
 g - a scroll of fear
 h - 2 scrolls of teleportation
 j - 3 scrolls of amnesia
 v - a scroll of random uselessness {unknown}
 w - a scroll of magic mapping
 x - 2 scrolls of identify {@*1}
Potions
 e - a potion of flight {unknown}
 i - 2 potions of heal wounds {unknown}
 l - a potion of mutation {unknown}
 p - a potion of degeneration {unknown}
 r - a potion of brilliance {unknown}
 t - 2 potions of beneficial mutation {unknown}
Books
 c - a book of Geomancy

   Spells                             Type                      Level
   a - Sandblast                      Earth                        1
   b - Passwall                       Transmutation/Earth          2
   c - Stone Arrow                    Conjuration/Earth            3
   d - Petrify                        Transmutation/Earth          4
   e - Lee's Rapid Deconstruction     Earth                        5
Comestibles
 d - 3 bread rations
 o - 2 meat rations
 q - a slice of pizza


   Skills:
 - Level 1.5 Dodging
 - Level 2.1 Stealth
 * Level 3.8 Spellcasting
 + Level 1.5 Conjurations
   Level 0.7 Transmutations
 + Level 4.4 Earth Magic


You had 6 spell levels left.
You knew the following spells:

 Your Spells              Type           Power        Failure   Level  Hunger
a - Sandblast             Erth           ###...       3%          1    None
b - Stone Arrow           Conj/Erth      ##....       17%         3    ###....


Dungeon Overview and Level Annotations

Branches:
Dungeon (3/15)

Altars:
Qazlal

Portals:
Sewer: D:3


Innate Abilities, Weirdness & Mutations

You are resistant to torment.
Your stone body is resilient (AC +3).
You are immune to poison.
You resist negative energy.
You are resistant to electric shocks.
You can survive without breathing.
You are immune to petrification.
You are immune to rotting.


Message History

Casting: Sandblast
Confirm with . or Enter, or press ? or * to list all spells.
You don't have enough magic to cast that spell.
Casting: Sandblast
Confirm with . or Enter, or press ? or * to list all spells.
You don't have enough magic to cast that spell.
You closely miss the river rat.
The river rat is heavily wounded.
The river rat bites you.
* * * LOW HITPOINT WARNING * * *
Casting: Sandblast
Confirm with . or Enter, or press ? or * to list all spells.
You don't have enough magic to cast that spell.
Casting: Sandblast
Confirm with . or Enter, or press ? or * to list all spells.
You don't have enough magic to cast that spell.
You closely miss the river rat.
The river rat is heavily wounded.
The river rat bites you.
You die...

### #.. #.#
######## #.#
#9≈≈≈..# #.#
#≈r≈≈..# #.#
#≈≈≈≈..# #.##
#≈≈≈...# ####...
#≈≈...†#####......
######.†...#......
#.##...†.....
#.##..#......
#.#...#..####


You could see a river rat.

Vanquished Creatures
  2 adders (D:3)
  3 river rats (D:3)
  An ooze (D:2)
  2 worms
  4 dart slugs
  A giant gecko (D:2)
  An orc (D:3)
  4 bats
  4 giant cockroaches
  8 goblins
  4 hobgoblins
  7 kobolds
  A quokka (D:2)
  4 ball pythons
  2 giant newts (D:1)
48 creatures vanquished.

Notes
Turn   | Place    | Note
--------------------------------------------------------------
     0 | D:1      | tyrsky the Gargoyle Earth Elementalist began the quest for the Orb.
     0 | D:1      | Reached XP level 1. HP: 10/10 MP: 3/3
   155 | D:1      | Reached XP level 2. HP: 5/15 MP: 1/5
   687 | D:2      | Reached skill level 4 in Earth Magic
   896 | D:1      | Reached XP level 3. HP: 11/19 MP: 2/7
  1064 | D:1      | Learned a level 3 spell: Stone Arrow
  1721 | D:2      | Found a stormy altar of Qazlal.
  1989 | D:3      | Reached XP level 4. HP: 24/24 MP: 7/9
  2081 | D:3      | Reached skill level 1 in Conjurations
  2082 | D:3      | Found a glowing drain.
  2237 | D:3      | Slain by a river rat

Skill      XL: |  1  2  3  4 |
---------------+-------------+-----
Earth Magic    | 4 |  4.4
Spellcasting   | 3 |  3.8
Conjurations   | 1 |  1.5
Dodging        | |  1.5
Stealth        | |  2.1
Transmutations | |  0.7

Action                   |  1- 3 |  4- 6 || total
-------------------------+-------+-------++-------
Melee: Dagger            |    38 |    24 ||    62
       Unarmed           |    11 |       ||    11
 Cast: Sandblast         |    77 |    28 ||   105
  Use: Scroll            |     6 |       ||     6
  Eat: Chunk             |     4 |       ||     4
Armor: Robe              |    42 |     8 ||    50
Dodge: Dodged            |    61 |    27 ||    88
